 Dungeon Crawl Stone Soup version 0.30-a0-782-ge64f9170bb (webtiles) character file.

Game seed: 8735465536545887980

3415 StromboliEnjoyer the Arsonist (level 9, -4/69 HPs)
             Began as a Black Draconian Fire Elementalist on Mar 13, 2023.
             Was a Believer of Vehumet.
             Slain by a vault guard
             ... wielding a +0 broad axe
              (5 damage)
             ... in a bailey.
             The game lasted 00:32:44 (7690 turns).

StromboliEnjoyer the Arsonist (DrFE)                Turns: 7690, Time: 00:32:44

Health: -4/69      AC: 10    Str: 10    XL:     9   Next: 76%
Magic:  14/20      EV: 13    Int: 34    God:    Vehumet [**....]
Gold:   371        SH:  0    Dex: 12    Spells: 8/23 levels left

rFire   . . .      SeeInvis .    p - +2 battleaxe (heavy)
rCold   + . .      Faith    .    (shield currently unavailable)
rNeg    . . .      Spirit   .    (body armour unavailable)
rPois   .          Reflect  .    (helmet restricted)
rElec   +          Harm     .    m - +1 cloak
rCorr   .          Rampage  .    (no gloves)
Will    .....                    e - +0 pair of boots
Stlth   ++                       d - amulet of magic regeneration
HPRegen 0.31/turn                h - +6 ring of intelligence
MPRegen 0.57/turn                x - ring of Wuraoc {rC+ Int+8}

@: no status effects
A: breathe lightning, AC +7, unfitting armour, electricity resistance,
cold-blooded
a: Breathe Lightning, Renounce Religion


You were in a bailey.
You worshipped Vehumet.
Vehumet was pleased with you.
You visited 2 branches of the dungeon, and saw 9 of its levels.
You also visited: Bailey.

You collected 486 gold pieces.
You spent 115 gold pieces at shops.

Inventory:

Hand Weapons
 p - a +2 heavy battleaxe (weapon)
Armour
 c - a +0 robe
 e - a +0 pair of boots (worn)
 m - a +1 cloak (worn)
 o - a +2 kite shield
Magical Staves
 b - a staff of death
 k - a staff of cold
Jewellery
 d - an amulet of magic regeneration (around neck)
 h - a +6 ring of intelligence (left hand)
 t - a ring of flight
 x - the ring of Wuraoc (right hand) {rC+ Int+8}
   (You found it on level 7 of the Dungeon)

   [ring of protection from cold]

   Int:       It affects your intelligence (+8).
   rC:        It protects you from cold.
Wands
 n - a wand of digging (14)
 s - a wand of charming (9)
 u - a wand of flame (20)
Scrolls
 i - 2 scrolls of noise
 r - a scroll of identify
Potions
 a - a potion of magic
 g - a potion of degeneration {unknown}
 l - a potion of attraction
 q - a potion of cancellation
 v - a potion of lignification {unknown}
 w - a potion of might {unknown}


   Skills:
 + Level 3.0 Fighting
 + Level 3.8 Axes
 + Level 1.3 Staves
 + Level 4.1 Dodging
 + Level 3.3 Stealth
 + Level 7.7 Spellcasting
 + Level 3.4 Conjurations
 + Level 0.8 Necromancy
 + Level 8.2 Fire Magic
 + Level 0.6 Air Magic
 + Level 0.2 Poison Magic


You had 8 spell levels left.
You knew the following spells:

 Your Spells              Type           Power      Damage    Failure   Level
a - Foxfire               Conj/Fire      100%       2x1d9     1%          1
b - Scorch                Fire           100%       2d10      1%          2
c - Sublimation of Blood  Necr           19%        N/A       3%          2
d - Wereblood             Tmut           13%        N/A       4%          2
e - Inner Flame           Hex/Fire       41%        N/A       1%          3
f - Ignite Poison         Fire/Tmut/Pois 32%        N/A       3%          3
g - Poisonous Vapours     Pois/Air       32%        N/A       4%          2

Your spell library contained the following spells:

 Spells                   Type           Power      Damage    Failure   Level
 Sandblast                Erth           26%        2d8       3%          1
 Beastly Appendage        Tmut           26%        N/A       3%          1
 Kindle Blastsparks       Fire/Tloc/Air  66%        2d15      3%          3
 Flame Wave               Conj/Fire      52%        2d13      3%          4
 Sticky Flame             Conj/Fire      52%        2d7       3%          4
 Cigotuvi's Dreadful Rot  Necr/Pois/Air  34%        N/A       4%          2
 Mephitic Cloud           Conj/Pois/Air  23%        N/A       5%          3
 Spider Form              Tmut/Pois      14%        N/A       10%         3
 Petrify                  Tmut/Erth      13%        N/A       32%         4
 Irradiate                Conj/Tmut      12%        3d15      43%         5
 Ignition                 Fire           31%        3d10      100%        8


Dungeon Overview and Level Annotations

Branches:
Dungeon (8/15)             Temple (1/1) D:6          Bailey (1/1)
   Lair: D:8-11

Altars:
Ashenzari
Cheibriados
Dithmenos
Elyvilon
Fedhas
Gozag
Makhleb
Qazlal
Ru
Sif Muna
Trog
Uskayaw
Vehumet
Wu Jian
Xom
Yredelemnul

Shops:
D:4 *   D:7 (

Annotations:
D:6 exclusion: oklob plant


Innate Abilities, Weirdness & Mutations

You can breathe wild blasts of lightning.
Your glossy black scales are hard. (AC +7)
You cannot fit into any form of body armour.
You are resistant to electric shocks. (rElec)
You are cold-blooded and may be slowed by cold attacks.


Message History

You hear a splash. x3
You close the door, pushing everything out of the way.
Things that are here:
a +0 ring mail; a +0 hand axe
Items here: )) [[ ††.
There is an open door here.
You close the door.
As you close the door, pushing everything out of the way, it creaks loudly!
You see here a +0 leather armour.
You start resting.
Magic restored.
You start resting.
Your extra speed is starting to run out.
You start resting.
You feel yourself slow down.
You start resting.
A vault guard opens the door.
It is wielding a +0 broad axe.
Casting: Scorch (safe; 1% risk of failure)
Confirm with . or Enter, or press ? or * to list all spells.
Flames lash the vault guard.
The vault guard shouts!
The vault guard is lightly wounded.
The vault guard's fire resistance burns away.
Casting: Scorch (safe; 1% risk of failure)
Confirm with . or Enter, or press ? or * to list all spells.
Flames lash the vault guard.
The vault guard is burned terribly!
The vault guard is moderately wounded.
The vault guard closely misses you.
Casting: Scorch (safe; 1% risk of failure)
Confirm with . or Enter, or press ? or * to list all spells.
Flames lash the vault guard.
The vault guard is burned terribly!
The vault guard is heavily wounded.
The vault guard hits you with a +0 broad axe!!
* * * LOW HITPOINT WARNING * * *
Casting: Scorch (safe; 1% risk of failure)
Confirm with . or Enter, or press ? or * to list all spells.
Flames lash the vault guard.
The vault guard is burned terribly!
The vault guard is severely wounded.
The vault guard hits you with a +0 broad axe.
You die...

### ~~~....~≈
##.# ~~.~.~≈#
##..## ~~..~≈#
##....# ≈~.~≈#
#.....## #≈.~≈##
#.....[####≈.)~≈#
#..))..p).#≈).~≈#
###)####@.###)###
##~~~##...#...F.#
#~~~p~#...#.....#
#~~~~)#...####..#
#~~~)~#....#....#
##~~#+#+#......##
####[[.##....##
#.....######
#.∩.∩.#


You could see a vault guard (combustible).

Vanquished Creatures
  Prince Ribbit (Bailey)
  Eustachio (D:5)
  6 humans (Bailey)
  Duvessa (D:7)
  2 orc warriors
  A sky beast (D:7)
  A black bear (D:5)
  Blork the orc (D:5)
  A kobold brigand (D:6)
  9 bullfrogs
  A scorpion (D:7)
  2 necrophages (D:6)
  Dowan (D:7)
  9 jellies (D:6)
  2 hounds
  3 orc priests
  5 iguanas
  An orc wizard (D:5)
  5 gnolls
  7 adders
  4 white imps
  An ufetubus (D:6)
  4 worms
  A dart slug (D:1)
  28 orcs
  10 bats
  15 endoplasms
  2 giant cockroaches (D:2)
  13 goblins
  6 hobgoblins
  4 jackals
  7 quokkas
  5 ball pythons
  A frilled lizard (D:1)
  11 kobolds
  4 rats
176 creatures vanquished.

Vanquished Creatures (others)
  365 foxfires
  8 fungi (D:6)
373 creatures vanquished.

Grand Total: 549 creatures vanquished

Notes
Turn   | Place    | Note
-------+----------+-------------------------------------------
     0 | D:1      | StromboliEnjoyer the Draconian Fire Elementalist began the
                  | quest for the Orb.
     0 | D:1      | Reached XP level 1. HP: 14/14 MP: 3/3
   230 | D:1      | Reached XP level 2. HP: 20/20 MP: 5/5
   320 | D:1      | Learned a level 2 spell: Scorch
  1243 | D:2      | Reached XP level 3. HP: 23/26 MP: 1/6
  1707 | D:2      | Reached XP level 4. HP: 32/34 MP: 3/7
  2150 | D:3      | Reached skill level 1 in Staves
  2377 | D:3      | Learned a level 2 spell: Sublimation of Blood
  2380 | D:3      | Learned a level 2 spell: Wereblood
  3164 | D:4      | Found Cieddate's Assorted Antiques.
  3173 | D:4      | Bought a lumpy ruby amulet for 115 gold pieces
  3528 | D:4      | Reached XP level 5. HP: 11/39 MP: 4/9
  3715 | D:4      | Found a hide-covered altar of Uskayaw.
  3936 | D:5      | Entered Level 5 of the Dungeon
  3987 | D:5      | Reached skill level 4 in Fire Magic
  4190 | D:5      | Noticed Blork the orc
  4199 | D:5      | Killed Blork the orc
  4200 | D:5      | Reached XP level 6. HP: 36/46 MP: 3/11
  4282 | D:5      | Reached skill level 1 in Fighting
  4319 | D:5      | Noticed Eustachio
  4368 | D:5      | Killed Eustachio
  4369 | D:5      | Reached skill level 1 in Axes
  4369 | D:5      | Your scales start taking on a glossy black colour.
  4369 | D:5      | Reached XP level 7. HP: 33/52 MP: 11/13
  4369 | D:5      | Gained mutation: You are resistant to electric shocks.
                  | (rElec) [Black Draconian growth]
  4661 | D:5      | Found a broken altar of Ashenzari.
  4665 | D:5      | Saw a vision of the Swamp and the Spider Nest.
  4665 | D:5      | Noticed a pharaoh ant
  4665 | D:5      | Noticed a vampire mosquito
  4665 | D:5      | Noticed a pharaoh ant
  4665 | D:5      | Noticed a spriggan druid
  4665 | D:5      | Noticed a spriggan rider
  4665 | D:5      | Noticed a tarantella
  4665 | D:5      | Noticed a redback
  4665 | D:5      | Noticed a goliath frog
  4665 | D:5      | Noticed a jorogumo
  4665 | D:5      | Noticed a spriggan rider
  4665 | D:5      | Noticed a jumping spider
  4665 | D:5      | Noticed a bloated husk
  4665 | D:5      | Noticed a pharaoh ant
  4666 | D:5      | Noticed an orb spider
  4666 | D:5      | Noticed a spriggan rider
  4666 | D:5      | Noticed a tarantella
  4667 | D:5      | Noticed a pharaoh ant
  4668 | D:5      | Noticed a wolf spider
  4671 | D:5      | Noticed a tarantella
  5075 | D:6      | Found a burning altar of Makhleb.
  5124 | D:6      | Found a staircase to the Ecumenical Temple.
  5139 | Temple   | Entered the Ecumenical Temple
  5273 | Temple   | Became a worshipper of Vehumet
  5324 | D:6      | Found a bloodstained altar of Trog.
  5581 | D:6      | Found an ornate altar of the Wu Jian Council.
  5761 | D:6      | Reached skill level 5 in Fire Magic
  5815 | D:6      | Identified a scroll of acquirement
  5820 | D:6      | Acquired an Everburning Encyclopedia
  5915 | D:6      | Reached XP level 8. HP: 60/61 MP: 15/15
  5928 | D:6      | Learned a level 3 spell: Inner Flame
  5932 | D:6      | Learned a level 3 spell: Ignite Poison
  5935 | D:6      | Learned a level 2 spell: Poisonous Vapours
  6089 | D:6      | Reached skill level 5 in Spellcasting
  6092 | D:6      | Reached * piety under Vehumet
  6092 | D:6      | Offered knowledge of Freeze by Vehumet.
  6104 | D:6      | Noticed an oklob plant
  6719 | D:7      | Found Wuokh's Weapon Shop.
  6725 | D:7      | Noticed Duvessa
  6727 | D:7      | Noticed Dowan
  6741 | D:7      | Killed Duvessa
  6745 | D:7      | Killed Dowan
  6765 | D:7      | Reached skill level 6 in Fire Magic
  7159 | D:7      | Identified the ring of Wuraoc {rC+ Int+8}
  7405 | D:8      | Found a flagged portal.
  7422 | Bailey   | Entered a bailey
  7442 | Bailey   | Reached XP level 9. HP: 68/68 MP: 10/18
  7472 | Bailey   | Reached skill level 7 in Fire Magic
  7484 | Bailey   | Reached ** piety under Vehumet
  7484 | Bailey   | Offered knowledge of Sandblast by Vehumet.
  7583 | Bailey   | Noticed Prince Ribbit
  7592 | Bailey   | Noticed a vault guard
  7615 | Bailey   | Killed Prince Ribbit
  7616 | Bailey   | Reached skill level 8 in Fire Magic
  7689 | Bailey   | HP: 1/69 [vault guard/+0 broad axe (21)]
  7690 | Bailey   | Slain by a vault guard

Illustrated notes

Levels and vault maps discovered:
D:1:      dpeg_arrival_tiny_i, layout_loops_corners
D:2:      layout_rooms, chequers_serial_rivers_micro_e, kennysheep_path_1,
          kennysheep_generic_room_12
D:3:      layout_basic, nicolae_hepliaklqana_hippocampus, grunt_ministairs_2,
          minmay_puff
D:4:      layout_basic, nicolae_overflow_crystal_walls, serial_shops,
          nicolae_lakefront_shop
D:5:      layout_basic, grunt_ashenzari_visionary
          [grunt_ashenzari_visionary_swamp, grunt_ashenzari_visionary_spider],
          uniq_blork_the_orc, uniq_eustachio
D:6:      lemuel_slime, layout_basic, nicolae_wu_jian_immortal_techniques,
          mainiacjoe_overflow_catwalk, general_overflow_altar,
          minmay_temple_entry_drinking_statues, chequers_serial_rivers_room_a,
          minmay_strange_pillars, minmay_liquid_box, st_stairs_3,
          chequers_serial_rivers_micro_a
D:7:      layout_loops_ring, serial_shops, shop, uniq_duvessa
D:8:      layout_basic, lemuel_crystal_altar, enter_bailey_5
Temple:   bh_familiar_temple
Bailey:   bailey_axe_froggy_fort_hellmonk, bailey

Skill      XL: |  1  2  3  4  5  6  7  8  9 |
---------------+----------------------------+-----
Stealth        | 2 3 |  3.3
Dodging        | 2 3 4 |  4.1
Staves         | 1 |  1.3
Spellcasting   | 3 4 6 7 |  7.7
Fire Magic     | 4 5 6 8 |  8.2
Conjurations   | 2 3 |  3.4
Fighting       | 1 2 3 |  3.0
Axes           | 1 2 3 |  3.8
Necromancy     | |  0.8
Air Magic      | |  0.6
Poison Magic   | |  0.2

Action                     |  1- 3 |  4- 6 |  7- 9 || total
---------------------------+-------+-------+-------++-------
  Melee: Staff             |   103 |    60 |       ||   163
         Tailslap          |    12 |     9 |    11 ||    32
         Punch             |     1 |       |       ||     1
         Battleaxe         |       |    30 |    75 ||   105
   Cast: Foxfire           |    48 |    57 |   125 ||   230
         Scorch            |       |    34 |    98 ||   132
         Sublimation of Bl |       |     2 |       ||     2
         Ignite Poison     |       |       |     1 ||     1
         Poisonous Vapours |       |       |     1 ||     1
Ability: Breathe Lightning |       |       |     2 ||     2
    Use: Scroll            |     6 |     6 |     5 ||    17
         Potion            |     1 |     3 |     7 ||    11
   Stab: Sleeping          |       |       |     2 ||     2
 Armour: Skin              |    45 |    56 |    73 ||   174
  Dodge: Dodged            |    92 |   130 |   144 ||   366

Table legend: (Time is in decaauts)
 A = Elapsed time spent in this place.
 B = Non-inter-level travel time spent in this place.
 C = Inter-level travel time spent in this place.
 D = Time resting spent in this place.
 E = Time spent auto-exploring this place.
 F = Levels seen in this place.
 G = Mean time per level.
                   A        B        C        D        E       F      G
               +--------+--------+--------+--------+--------+-----+--------+
         Total |   7866 |   6802 |   1064 |    491 |   4176 |  10 |  786.6 |
       Dungeon |   7441 |   6508 |    933 |    403 |   4166 |   8 |  930.1 |
        Temple |    152 |     21 |    131 |      0 |     10 |   1 |  152.0 |
        Bailey |    273 |    273 |      0 |     88 |      0 |   1 |  273.0 |
               +--------+--------+--------+--------+--------+-----+--------+

Top non-repeatable levels by time:
     D:6: 1418 daAuts
     D:5: 1227 daAuts
     D:1: 1226 daAuts
     D:3: 1034 daAuts
     D:4: 873 daAuts
     D:2: 828 daAuts
     D:7: 669 daAuts
  Bailey: 273 daAuts
     D:8: 162 daAuts
  Temple: 152 daAuts
